 Dungeon Crawl Stone Soup version 0.18-a0-1774-gce1f7b6 (webtiles) character file.

43425 Ratboiler the Carver (level 13, -2/104 HPs)
             Began as a Demonspawn Wanderer on Apr 13, 2016.
             Was the Champion of Nemelex Xobeh.
             Slain by Maud
             ... wielding a +2 demon trident
              (11 damage)
             ... on level 12 of the Dungeon on Apr 15, 2016.
             The game lasted 01:12:54 (20396 turns).

Ratboiler the Carver (Demonspawn Wanderer)         Turns: 20396, Time: 01:12:55

Health: -2/104     AC: 15    Str: 12    XL:     13   Next: 90%
Magic:  22/22      EV: 18    Int: 15    God:    Nemelex Xobeh [******]
Gold:   1156       SH:  0    Dex: 19    Spells: 3 memorised, 8 levels left

rFire  + . .     SeeInvis .     a - +3 falchion
rCold  . . .     Gourm    .     P - +0 ring mail {MR+}
rNeg   . . .     Faith    +     (no shield)
rPois  +         Spirit   .     j - +1 hat
rElec  .         Dismiss  .     u - +1 cloak
rCorr  .         Reflect  .     s - +1 pair of gloves
SustAt .         Harm     .     (boots unavailable)
MR     +....                    g - amulet of faith
Stlth  +.........               M - +4 ring of protection
                                L - ring of poison resistance

@: somewhat resistant to hostile enchantments, very unstealthy
A: hooves 3, rugged brown scales 1, agile 1, fire resistance 1, powered by death
2
a: Triple Draw, Deal Four, Stack Five, Renounce Religion


You were on level 12 of the Dungeon.
You worshipped Nemelex Xobeh.
Nemelex Xobeh was exalted by your worship.
You were not hungry.

You visited 2 branches of the dungeon, and saw 20 of its levels.
You also visited: Labyrinth and Ossuary.

You collected 1366 gold pieces.
You spent 210 gold pieces at shops.

Inventory:

Hand Weapons
 a - a +3 falchion (weapon)
Armour
 j - a +1 hat (worn)
 s - a +1 pair of gloves (worn)
 u - a +1 cloak (worn)
 P - a +0 ring mail of magic resistance (worn)
 S - a troll hide
Jewellery
 g - an amulet of faith (around neck)
 m - an uncursed amulet of rage
 L - a ring of poison resistance (left hand)
 M - a +4 ring of protection (right hand)
Wands
 Q - a wand of teleportation (4/9)
Scrolls
 c - 5 scrolls of teleportation
 k - a scroll of blinking
 w - 2 scrolls of enchant weapon
 D - 2 scrolls of fear
 F - 3 scrolls of fog
 K - 6 scrolls of remove curse
 R - a scroll of recharging
 Y - 2 scrolls of enchant armour
Potions
 b - a potion of ambrosia
 e - 3 potions of curing
 i - a potion of invisibility
 n - 2 potions of resistance
 o - a potion of cancellation
 v - 2 potions of haste
 x - 3 potions of agility
 A - 4 potions of might
 E - 5 potions of lignification
 O - 4 potions of flight
Miscellaneous
 l - an ornate deck of war {drawn: 3}
 p - a legendary deck of destruction {Pain, left: 5}
 q - a plain deck of war {drawn: 7}
 r - a plain deck of escape {drawn: 2}
 t - an ornate deck of escape
 y - an ornate deck of war
 C - an ornate deck of war
 G - a legendary deck of war {drawn: 3}
 I - an ornate deck of destruction {drawn: 3}
 J - an ornate deck of war {drawn: 2}
 N - an ornate deck of destruction {drawn: 2}
 T - an ornate deck of war {drawn: 6}
 U - an ornate deck of escape
 W - a legendary deck of escape {the Cloud, left: 5}
 X - an ornate deck of war
 Z - a legendary deck of war {drawn: 2}
Comestibles
 d - 2 meat rations
 f - 8 bread rations
 h - 5 chunks of flesh
 z - 4 beef jerkies
 B - 18 fruits
 V - 11 royal jellies


   Skills:
 - Level 9.0 Fighting
 - Level 14.0 Long Blades
 + Level 10.8 Dodging
 - Level 1.0 Spellcasting
 - Level 1.0 Translocations
   Level 1.0 Earth Magic
 * Level 12.3 Evocations


You had 8 spell levels left.
You knew the following spells:

 Your Spells              Type           Power        Failure   Level  Hunger
a - Blink                 Tloc           N/A          65%         2    ###....
b - Repel Missiles        Chrm/Air       #.....       86%         2    ###....
c - Swiftness             Chrm/Air       #.......     86%         2    ###....


Dungeon Overview and Level Annotations

Branches:
Dungeon (12/15)            Temple (0/1) D:4            Lair (8/8) D:9
 Shoals (0/4) Lair:6        Snake (0/4) Lair:3          Orc (0/2) D:11
  Slime: Lair:6-8

Altars:
Ashenzari
Cheibriados
Dithmenos
Elyvilon
Fedhas
Gozag
Kikubaaqudgha
Makhleb
Nemelex Xobeh
Okawaru
Pakellas
Ru
Sif Muna
Trog
Vehumet
Xom
Yredelemnul

Shops:
D:10 !

Annotations:
D:12 Maud
Lair:2 exclusions: downstairs and oklob plant
Lair:4 exclusion: upstairs


Innate Abilities, Weirdness & Mutations

You have hooves in place of feet.
You are partially covered in rugged brown scales (AC +1, +3% HP).
Your flesh is heat resistant.
You regenerate health from kills.
You are agile. (Dex +2)


Message History

Maud is severely wounded.
Maud hits you with an enchanted demon trident!!
* * * LOW HITPOINT WARNING * * *
Drink which item? (? for menu, Esc to quit)
You feel much better.
Maud hits you with an enchanted demon trident!!
* * * LOW HITPOINT WARNING * * *
You hit Maud. You kick Maud, but do no damage.
Maud is severely wounded.
You slash Maud!
Maud is severely wounded.
You feel less regenerative. Maud misses you.
You hit Maud but do no damage. You kick Maud, but do no damage.
Maud is severely wounded.
You hit Maud but do no damage. You kick Maud, but do no damage.
Maud is severely wounded.
Maud hits you with an enchanted demon trident!
You die...
Your body glows with a rainbow of weird colours and disappears.

#...# #... .... #...#
#...# #...# #...#
#...# #...# #...#
#...# #...# #. #...#
#...# #...# #.# #...#
#...#####...# ######.#
#...# #...........# #
.......#
#...###...........# #
...<...#
#...@@....#####...# #
.......#####..####...#
#.†.# #
........@.}...# #...#
#...# #
..............# #...#
#...# #
........#####.# #...#
#...# # ........# #.#
#...# #...####
........# #.# #...#
#....... ........# #.#
#...# #...####
........# #.# #...# #


You could see Maud.

Vanquished Creatures
  A minotaur (Lab)
  Fannar (Lair:2)
  A hydra (Lair:3)
  A griffon (Lair:8)
  An ugly thing (D:12)
  7 black mambas
  9 elephants (Lair:7)
  5 spiny frogs
  A centaur skeleton (D:12)
  7 komodo dragons
  4 rime drakes
  A spriggan druid (Lair:8)
  2 trolls
  A queen bee (Lair:5)
  6 polar bears
  3 slime creatures (D:12)
  6 blink frogs
  5 redbacks
  2 wraiths
  7 spriggans
  15 yaks
  A hog (Lair:6)
  Eustachio (D:6)
  9 hippogriffs
  A golden eye (Lair:5)
  A steam dragon (D:10)
  4 vampire mosquitoes
  17 water moccasins
  3 nagas (Lair:3)
  12 porcupines
  3 wasps (Lair:8)
  4 ice beasts
  3 sky beasts
  2 black bears (Lair:8)
  3 orc warriors
  A phantom (D:11)
  A swamp drake (D:11)
  A necrophage (D:6)
  6 ogres
  A tengu (Lair:6)
  11 wolves
  5 centaurs
  8 crocodiles
  9 giant frogs
  A wyvern skeleton (D:6)
  8 scorpions
  28 killer bees
  4 wights (D:9)
  A howler monkey (D:10)
  A centaur zombie (D:5)
  4 crimson imps
  A lava snake (Lair:2)
  2 giant frog zombies
  A quasit (D:7)
  5 hounds
  2 jellies
  A giant frog skeleton (D:6)
  2 orc priests (D:11)
  11 orc wizards
  4 iguanas
  10 worker ants
  10 sheep (Lair:8)
  2 ogre skeletons (Lab)
  2 hound skeletons
  14 mummies (Ossuary)
  2 worker ant zombies (D:11)
  7 gnolls
  2 howler monkey skeletons
  18 adders
  34 river rats
  4 shadow imps
  An adder skeleton (D:5)
  An adder zombie (D:7)
  A worm (D:11)
  2 dart slugs (D:1)
  6 giant geckos
  48 orcs
  3 giant cockroaches
  5 goblins
  9 hobgoblins
  5 jackals
  3 quokkas
  7 bats
  2 giant gecko skeletons
  8 giant newts
  3 gnoll skeletons (Ossuary)
  A goblin skeleton (Ossuary)
  A jackal skeleton (D:7)
  A jackal zombie (D:5)
  4 kobolds
  2 kobold skeletons (Ossuary)
  2 orc skeletons (Ossuary)
  A quokka skeleton (D:6)
  3 rats
  11 rat skeletons (Ossuary)
  A spectral orc (D:8)
505 creatures vanquished.

Vanquished Creatures (collateral kills)
  Erolcha (D:12)
  3 hydras
  3 death yaks (Lair:8)
  4 spriggans (Lair:8)
  An oklob plant (Lair:8)
  9 elephants
  A black mamba (Lair:3)
  2 polar bears
  6 blink frogs
  A boulder beetle (Lair:8)
  2 yaks (Lair:8)
  A steam dragon (Lair:8)
  2 hungry ghosts (Lab)
  An ice beast (D:6)
  2 orc warriors
  A wasp (Lair:8)
  An ogre (D:4)
  10 wolves
  2 crocodiles
  2 giant frogs
  3 sheep (Lair:8)
  5 wights (D:6)
  An iguana (Lair:1)
  6 river rats (Lair:3)
  An orc (D:7)
  2 fungi (Lair:8)
73 creatures vanquished.

Vanquished Creatures (others)
  A spiny frog (Lair:8)
  A spriggan (Lair:8)
  A wolf (Lair:8)
  A hound (D:6)
  A sheep (Lair:8)
  A butterfly (D:6)
  25 fungi
  16 plants
47 creatures vanquished.

Grand Total: 625 creatures vanquished

Notes
Turn   | Place    | Note
--------------------------------------------------------------
     0 | D:1      | Ratboiler the Demonspawn Wanderer began the quest for the Orb.
     0 | D:1      | Ratboiler set off with: a +2 falchion, Molosk's Almanac of Translocation, a scroll of teleportation, a +0 robe, a bread ration
     0 | D:1      | Reached XP level 1. HP: 18/18 MP: 2/2
     0 | D:1      | Identified Molosk's Almanac of Translocation
    96 | D:1      | Reached skill level 2 in Long Blades
   227 | D:1      | Gained mutation: You regenerate a little health from kills. [demonic ancestry]
   227 | D:1      | Reached XP level 2. HP: 23/24 MP: 3/3
   633 | D:2      | Reached skill level 3 in Long Blades
   633 | D:2      | Gained mutation: You have large cloven feet. [demonic ancestry]
   633 | D:2      | Reached XP level 3. HP: 11/29 MP: 4/4
   775 | D:2      | Found a faded altar to an unknown god.
   792 | D:2      | Became a worshipper of Nemelex Xobeh the Trickster
   792 | D:2      | Received a gift from Nemelex Xobeh
   792 | D:2      | Reached * piety under Nemelex Xobeh
   809 | D:2      | Found a sparkling altar of Nemelex Xobeh.
  1431 | D:3      | Received a gift from Nemelex Xobeh
  1565 | D:3      | Reached skill level 4 in Long Blades
  1565 | D:3      | Gained mutation: You have hoof-like feet. [demonic ancestry]
  1565 | D:3      | Reached XP level 4. HP: 22/35 MP: 5/5
  1644 | D:3      | Reached ** piety under Nemelex Xobeh
  1705 | D:3      | Found a shadowy altar of Dithmenos.
  1939 | D:4      | Found a staircase to the Ecumenical Temple.
  1942 | D:4      | Found a radiant altar of Vehumet.
  1969 | D:4      | Found a blossoming altar of Fedhas.
  1979 | D:4      | Found an oddly glowing altar of Pakellas.
  1980 | D:4      | Found a sacrificial altar of Ru.
  2055 | D:4      | Found a shimmering altar of Xom.
  2117 | D:4      | Received a gift from Nemelex Xobeh
  2208 | D:4      | Reached XP level 5. HP: 18/41 MP: 6/6
  2468 | D:4      | Noticed an ogre
  2488 | D:4      | Killed an ogre
  2488 | D:4      | Reached skill level 5 in Long Blades
  2550 | D:4      | Reached XP level 6. HP: 22/47 MP: 7/7
  2647 | D:4      | Reached skill level 6 in Long Blades
  2858 | D:4      | Received a gift from Nemelex Xobeh
  3111 | D:5      | Entered Level 5 of the Dungeon
  3174 | D:5      | Reached *** piety under Nemelex Xobeh
  3175 | D:5      | Found an opulent altar of Gozag.
  3307 | D:5      | Found a deep blue altar of Sif Muna.
  3389 | D:5      | Reached skill level 7 in Long Blades
  3389 | D:5      | Reached XP level 7. HP: 52/52 MP: 8/8
  3717 | D:5      | Received a gift from Nemelex Xobeh
  4147 | D:6      | Reached skill level 8 in Long Blades
  4300 | D:6      | Found a snail-covered altar of Cheibriados.
  4300 | D:6      | Noticed Eustachio
  4308 | D:6      | Noticed Pikel
  4438 | D:6      | Killed Eustachio
  4438 | D:6      | Reached skill level 9 in Long Blades
  4438 | D:6      | Gained mutation: You regenerate health from kills. [demonic ancestry]
  4438 | D:6      | Reached XP level 8. HP: 22/58 MP: 9/9
  4503 | D:6      | Noticed Pikel
  4503 | D:6      | Pikel changed into Pikel the water moccasin
  4507 | D:6      | Killed Pikel the water moccasin
  4542 | D:6      | Found a sand-covered staircase.
  4551 | Ossuary  | Entered an ossuary
  4585 | Ossuary  | Reached skill level 10 in Long Blades
  5085 | D:6      | Reached **** piety under Nemelex Xobeh
  5179 | D:6      | Found a burning altar of Makhleb.
  5472 | D:7      | Received a gift from Nemelex Xobeh
  5723 | D:7      | Reached XP level 9. HP: 29/62 MP: 10/10
  5840 | D:7      | Reached skill level 11 in Long Blades
  5901 | D:7      | Found an iron altar of Okawaru.
  5937 | D:7      | Found an ancient bone altar of Kikubaaqudgha.
  5937 | D:7      | Found a white marble altar of Elyvilon.
  6758 | D:8      | Noticed a troll
  6766 | D:8      | Killed a troll
  6769 | D:8      | Received a gift from Nemelex Xobeh
  6833 | D:8      | Reached ***** piety under Nemelex Xobeh
  6851 | D:8      | Reached skill level 12 in Long Blades
  7093 | D:8      | Found a shattered altar of Ashenzari.
  7113 | D:8      | You fall through a shaft for 3 floors!
  7193 | D:11     | Received a gift from Nemelex Xobeh
  7233 | D:11     | Found a staircase to the Orcish Mines.
  7468 | D:10     | Entered Level 10 of the Dungeon
  7503 | D:10     | Gained mutation: You are agile. (Dex +2) [potion of beneficial mutation]
  7537 | D:10     | Found a bloodstained altar of Trog.
  7589 | D:9      | Found a staircase to the Lair.
  7653 | D:9      | Upgraded the game from 0.18-a0-1764-gf4ddf0b to 0.18-a0-1773-gec4f98e
  7839 | D:9      | Gained mutation: You have hooves in place of feet. [demonic ancestry]
  7839 | D:9      | Reached XP level 10. HP: 69/69 MP: 11/11
  7892 | D:9      | Received a gift from Nemelex Xobeh
  7966 | D:9      | Reached skill level 13 in Long Blades
  8121 | D:8      | Found a basalt altar of Yredelemnul.
  8485 | D:9      | Received a gift from Nemelex Xobeh
  8944 | D:10     | Found Legaf Funtut's Distillery.
  8947 | D:10     | Bought a potion of berserk rage for 70 gold pieces
  8947 | D:10     | Bought a potion of haste for 140 gold pieces
  9308 | D:10     | Noticed a gargoyle
  9444 | D:11     | Received a gift from Nemelex Xobeh
  9691 | D:11     | Reached skill level 14 in Long Blades
  9774 | D:11     | Reached skill level 1 in Dodging
 10500 | D:11     | Reached skill level 5 in Fighting
 10555 | Lair:1   | Entered Level 1 of the Lair of Beasts
 10555 | Lair:1   | Received a gift from Nemelex Xobeh
 10916 | Lair:1   | Noticed a five-headed hydra
 10929 | Lair:2   | Received a gift from Nemelex Xobeh
 10939 | Lair:2   | Noticed Fannar
 10951 | Lair:2   | Killed Fannar
 10951 | Lair:2   | Reached XP level 11. HP: 80/80 MP: 12/12
 11131 | Lair:2   | Received a gift from Nemelex Xobeh
 11142 | Lair:2   | Learned a level 2 spell: Blink
 11346 | Lair:2   | Reached ****** piety under Nemelex Xobeh
 11431 | Lair:2   | Noticed an oklob plant
 11444 | Lair:3   | Noticed a seven-headed hydra
 11512 | Lair:3   | Found a staircase to the Snake Pit.
 11821 | Lair:4   | Reached skill level 5 in Dodging
 12119 | Lair:4   | Received a gift from Nemelex Xobeh
 12606 | Lair:5   | Received a gift from Nemelex Xobeh
 13367 | Lair:5   | Received a gift from Nemelex Xobeh
 14077 | Lair:6   | Got a crude morningstar
 14078 | Lair:6   | Identified the +3 morningstar of Undoing {pain, rN+ MR+} (You found it on level 6 of the Lair of Beasts)
 14114 | Lair:6   | Gained mutation: Your flesh is heat resistant. [demonic ancestry]
 14114 | Lair:6   | Reached XP level 12. HP: 95/95 MP: 12/14
 14127 | Lair:6   | Found a labyrinth entrance.
 14148 | Lab      | Entered a labyrinth
 14560 | Lab      | Received a gift from Nemelex Xobeh
 14682 | Lab      | Noticed a minotaur
 14693 | Lab      | Killed a minotaur
 14713 | Lab      | Got a brightly glowing wooden ring
 14713 | Lab      | Identified the Guide on Unstable Curses
 14716 | Lab      | Identified the ring "Duho" {+Fly rN+ MR+ Dex-5} (You found it in a labyrinth)
 14835 | Lair:6   | Found a staircase to the Shoals.
 14844 | Lair:6   | Received a gift from Nemelex Xobeh
 14946 | Lair:6   | Reached skill level 5 in Evocations
 15155 | Lair:6   | Noticed a death yak
 15255 | Lair:7   | Received a gift from Nemelex Xobeh
 15761 | Lair:7   | Received a gift from Nemelex Xobeh
 16473 | Lair:8   | Entered Level 8 of the Lair of Beasts
 16517 | Lair:8   | Received a gift from Nemelex Xobeh
 16555 | Lair:8   | Gained mutation: You are partially covered in rugged brown scales (AC +1, +3% HP). [demonic ancestry]
 16555 | Lair:8   | Reached XP level 13. HP: 85/104 MP: 19/19
 16842 | Lair:8   | Reached skill level 10 in Evocations
 17132 | Lair:8   | Drew Focus: Dex increased to 17, Str decreased to 12
 17754 | Lair:8   | Received a gift from Nemelex Xobeh
 17772 | Lair:8   | Reached skill level 10 in Dodging
 18090 | Lair:8   | Learned a level 2 spell: Repel Missiles
 18093 | Lair:8   | Learned a level 2 spell: Swiftness
 19121 | Lair:3   | Received a gift from Nemelex Xobeh
 19482 | Lair:1   | Upgraded the game from 0.18-a0-1773-gec4f98e to 0.18-a0-1774-gce1f7b6
 20206 | D:12     | Noticed Erolcha
 20268 | D:12     | Killed Erolcha
 20335 | D:12     | Received a gift from Nemelex Xobeh
 20344 | D:12     | Noticed Maud
 20391 | D:12     | HP: 1/104 [Maud/enchanted demon trident (18)]
 20396 | D:12     | Slain by Maud

Vault maps used:
D:1:      dpeg_arrival_arbitrary_c, serial_glass, glass_columns_a,
          glass_columns_b
D:2:      lemuel_doored_altar, ecumenical_altar_2
D:3:      nicolae_dithmenos_through_a_glass_darkly, first_bread
D:4:      vehumet_crystals, nicolae_overflow_hidden_temple, minitemple,
          minmay_temple_entry_butterflies, minivault_11, st_stairs_13,
          minmay_misc_feat_doors
D:5:      lemuel_round_altar, grunt_gozag_statues, grunt_ministairs_12
D:6:      nicolae_overflow_crystal_walls, nicolae_ossuary_entry_ruins,
          makhleb_blood_cavern_becter, uniq_eustachio, uniq_pikel
D:7:      okawaru_altar_gauntlet_db, gammafunk_temple_overflow_wave,
          kennysheep_generic_room_11
D:8:      minmay_ornate_pinched, yredelemnul_forgotten_temple_becter,
          kennysheep_mini
D:9:      lair_0_dummy
D:10:     serial_shops, nicolae_shop_behind_doors, basic_altar
D:11:     erik_orc_1
D:12:     uniq_erolcha, uniq_maud, uniq_snorg
Lair:2:   minmay_lair_oklob_items, uniq_fannar
Lair:3:   guppyfry_snake_entry_garden, grunt_megastairs_2
Lair:4:   roderic_carrion_pond, uniq_josephine
Lair:6:   shoals_dummy_entry, lab_entry_generic, grunt_megastairs_1,
          infiniplex_staircase_pool_2, uniq_rupert
Lair:7:   mu_elephants_graveyard, dpeg_slime_entry_corner, serial_bayou_shore_b,
          infiniplex_staircase_pool
Lair:8:   minmay_lair_end_enchanted_forest, wad_woods_road_04
Lab:      labyrinth_hidden_loot, nicolae_lab_dead_end, nicolae_lab_starburst,
          nicolae_lab_flowing_pool, labyrinth_skeletal_remains,
          nicolae_lab_grate, nicolae_lab_blocks
Ossuary:  ossuary_due_small_catacomb

Skill      XL: |  1  2  3  4  5  6  7  8  9 10 11 12 13 |
---------------+----------------------------------------+-----
Long Blades    | 2 3 4 5 7 9 10 12 14 | 14.0
Dodging        | 4 7 9 10 | 10.8
Fighting       | 5 9 |  9.0
Evocations     | 9 12 | 12.3
Spellcasting   | |  1.0
Translocations | |  1.0
Earth Magic    | |  1.0

Action                   |  1- 3 |  4- 6 |  7- 9 | 10-12 | 13-15 || total
-------------------------+-------+-------+-------+-------+-------++-------
Melee: Falchion          |   116 |   160 |   603 |       |       ||   879
       Kick              |    11 |    41 |   134 |   504 |   265 ||   955
       Falchion          |       |       |    67 |  1576 |   694 ||  2337
Invok: Triple Draw       |       |       |       |     1 |       ||     1
       Stack Five        |       |       |       |       |     2 ||     2
Evoke: Hammer            |       |     1 |    17 |       |       ||    18
       Deck              |       |       |     2 |    42 |    44 ||    88
       Wand              |       |       |     1 |       |       ||     1
  Use: Scroll            |       |       |    16 |       |       ||    16
       Potion            |       |       |     3 |       |       ||     3
       Scroll            |       |       |       |    20 |     5 ||    25
       Potion            |       |       |       |     6 |     2 ||     8
 Stab: Sleeping          |     3 |     1 |     6 |       |       ||    10
       Distracted        |       |     1 |     1 |       |       ||     2
       Sleeping          |       |       |       |     2 |       ||     2
       Distracted        |       |       |       |     1 |     5 ||     6
  Eat: Chunk             |     2 |     6 |     4 |       |       ||    12
       Fruit             |       |       |     1 |       |       ||     1
       Meat ration       |       |       |     2 |       |       ||     2
       Chunk             |       |       |       |     5 |       ||     5
       Meat ration       |       |       |       |     5 |     1 ||     6
       Royal jelly       |       |       |       |     1 |       ||     1
       Pizza             |       |       |       |     1 |     2 ||     3
       Beef jerky        |       |       |       |       |     3 ||     3
Armor: Robe              |     2 |       |       |       |       ||     2
       Ring mail         |    75 |    76 |   206 |       |       ||   357
       Ring mail         |       |       |    24 |   481 |   219 ||   724
Dodge: Dodged            |    55 |    72 |   229 |       |       ||   356
       Dodged            |       |       |    27 |   894 |   697 ||  1618
Block: Other             |       |       |       |       |    10 ||    10
